TOP OF THE 1ST |
Auburn Doubledays batting - Pitching for Hillsboro Hops : RHP Ted Koene
|
Pitching: RHP Ted Koene
|
|
Batting: SHB Dan Castaneda
|
0-0: Ball 1-0: Ball 2-0: SINGLE (Groundball, 15S, EV 65.0 MPH) (infield hit)
|
Batting: LHB Mike Condon
|
0-0: Called Strike 0-1: Called Strike Dan Castaneda steals 2nd base 0-2: Strikes out swinging
|
Batting: RHB Slavik Nebrodov
|
0-0: Fly out, F7 (Line Drive, 7, EV 93.8 MPH)
|
Batting: SHB Gabe Fraunfelder
|
0-0: Ball 1-0: Ball 2-0: Called Strike 2-1: Ball 3-1: Ground out 4-3 (Groundball, 34, EV 102.5 MPH)
|
Top of the 1st over - 0 runs, 1 hit, 0 errors, 1 left on base; Auburn 0 - Hillsboro 0 |
BOTTOM OF THE 1ST |
Hillsboro Hops batting - Pitching for Auburn Doubledays : RHP Chris Bonham
|
Pitching: RHP Chris Bonham
|
|
Batting: RHB Yasuo Nakata
|
0-0: Ball 1-0: Foul Ball, location: 2F 1-1: Ball 2-1: Foul Ball, location: 2F 2-2: Ball 3-2: Strikes out looking
|
Batting: RHB Edgar Garcia
|
0-0: Ball 1-0: Ball 2-0: Ball 3-0: Base on Balls
|
Batting: LHB Soo-yeon Kym
|
0-0: Ball 1-0: Called Strike 1-1: Ball 2-1: Ball 3-1: Base on Balls Edgar Garcia to second
|
Batting: RHB Larry Hardman
|
0-0: Ball 1-0: Single, Error in OF, E8, batter to second base (Groundball, 6D, EV 103.1 MPH) Edgar Garcia scores Soo-yeon Kym to third
|
Batting: RHB Jeremy Coffey
|
0-0: Ground out 5-3 (Groundball, 56, EV 103.1 MPH) Soo-yeon Kym scores
|
Batting: RHB Chris Bittner
|
0-0: Ground out U3 (Groundball, 3, EV 84.4 MPH)
|
Bottom of the 1st over - 2 runs, 1 hit, 1 error, 1 left on base; Auburn 0 - Hillsboro 2 |
TOP OF THE 2ND |
Auburn Doubledays batting - Pitching for Hillsboro Hops : RHP Ted Koene
|
Batting: LHB Nate Melendez
|
0-0: Foul Ball, location: 2F 0-1: Called Strike 0-2: Foul Ball, location: 2F 0-2: Ball 1-2: SINGLE (Line Drive, 7S, EV 98.8 MPH)
|
Batting: LHB Elias Posada
|
0-0: Ball 1-0: Foul Ball, location: 2F 1-1: Foul Ball, location: 2F 1-2: Strikes out swinging
|
Batting: RHB Joe Klein
|
0-0: Ball 1-0: Called Strike 1-1: Ball 2-1: Ground out 5-3 (Groundball, 56S, EV 66.2 MPH) Nate Melendez to second
|
Batting: RHB Isaiah Seme
|
0-0: Called Strike 0-1: Foul Ball, location: 2F 0-2: Strikes out swinging
|
Top of the 2nd over - 0 runs, 1 hit, 0 errors, 1 left on base; Auburn 0 - Hillsboro 2 |
BOTTOM OF THE 2ND |
Hillsboro Hops batting - Pitching for Auburn Doubledays : RHP Chris Bonham
|
Batting: LHB Andy Wilmoth
|
0-0: Ball 1-0: Ball 2-0: Ball 3-0: Base on Balls
|
Batting: RHB Jeremy Adams
|
0-0: Called Strike 0-1: Fly out, F7 (Flyball, 7, EV 83.8 MPH)
|
Batting: RHB Trevor Corey
|
0-0: Ball 1-0: Foul Ball, location: 2F 1-1: Fielders Choice at 2nd, 3-6 (Groundball, 3S, EV 81.9 MPH)
|
Batting: RHB Yasuo Nakata
|
0-0: Ball 1-0: Foul Ball, location: 2F 1-1: Foul Ball, location: 2F 1-2: Ball 2-2: Strikes out looking
|
Bottom of the 2nd over - 0 runs, 0 hits, 0 errors, 1 left on base; Auburn 0 - Hillsboro 2 |
TOP OF THE 3RD |
Auburn Doubledays batting - Pitching for Hillsboro Hops : RHP Ted Koene
|
Batting: RHB David Rojas
|
0-0: Ball 1-0: Ball 2-0: Ground out 5-3 (Groundball, 56, EV 97.5 MPH)
|
Batting: SHB Dan Castaneda
|
0-0: SINGLE (Groundball, 4MS, EV 72.5 MPH) (infield hit)
|
Batting: LHB Mike Condon
|
0-0: Ball Dan Castaneda steals 2nd base 1-0: SINGLE (Groundball, 34D, EV 104.4 MPH) Dan Castaneda to third Runner from 3rd tries for Home, SAFE, throw by RF to home
|
Batting: RHB Slavik Nebrodov
|
0-0: Ball 1-0: Ball 2-0: Called Strike Mike Condon steals 2nd base 2-1: SINGLE (Line Drive, 9LM, EV 87.5 MPH) Mike Condon to third
|
Batting: SHB Gabe Fraunfelder
|
0-0: Ball 1-0: Called Strike 1-1: Ball 2-1: Foul Ball, location: 2F 2-2: Ball Wild Pitch! Mike Condon scores Slavik Nebrodov to second 3-2: Ground out 6-3 (Groundball, 6, EV 109.4 MPH)
|
Batting: LHB Nate Melendez
|
0-0: Swinging Strike 0-1: Ground out U3 (Groundball, 3, EV 106.9 MPH)
|
Top of the 3rd over - 2 runs, 3 hits, 0 errors, 1 left on base; Auburn 2 - Hillsboro 2 |
BOTTOM OF THE 3RD |
Hillsboro Hops batting - Pitching for Auburn Doubledays : RHP Chris Bonham
|
Batting: RHB Edgar Garcia
|
0-0: DOUBLE (Groundball, 3L, EV 100.6 MPH)
|
Batting: LHB Soo-yeon Kym
|
0-0: Ball 1-0: Ball 2-0: Ball 3-0: Base on Balls
|
Batting: RHB Larry Hardman
|
0-0: Called Strike 0-1: Called Strike 0-2: Ball 1-2: Ball 2-2: Ball 3-2: Base on Balls Edgar Garcia to third Soo-yeon Kym to second
|
Batting: RHB Jeremy Coffey
|
0-0: Swinging Strike 0-1: Ball 1-1: GRAND SLAM HOME RUN (Flyball, 7LD, EV 93.1 MPH), Distance : 367 ft
|
Batting: RHB Chris Bittner
|
0-0: Ball 1-0: Called Strike 1-1: Ball 2-1: SINGLE (Groundball, 34D, EV 100.6 MPH)
|
Pitching: RHP Chris Doty
|
|
Batting: LHB Andy Wilmoth
|
0-0: Ball 1-0: Ball 2-0: Swinging Strike 2-1: Ball 3-1: Called Strike 3-2: Fly out, F8 (Flyball, 78D, EV 82.5 MPH)
|
Batting: RHB Jeremy Adams
|
0-0: Called Strike 0-1: Called Strike 0-2: Ball 1-2: Ball 2-2: Strikes out swinging
|
Batting: RHB Trevor Corey
|
0-0: Ball 1-0: Ball Chris Bittner steals 2nd base 2-0: Ball 3-0: Called Strike 3-1: Ground out 4-3 (Groundball, 4S, EV 71.9 MPH)
|
Bottom of the 3rd over - 4 runs, 3 hits, 0 errors, 1 left on base; Auburn 2 - Hillsboro 6 |
TOP OF THE 4TH |
Auburn Doubledays batting - Pitching for Hillsboro Hops : RHP Ted Koene
|
Batting: LHB Elias Posada
|
0-0: Ball 1-0: Ball 2-0: Called Strike 2-1: Called Strike 2-2: Ball 3-2: Foul Ball, location: 2F 3-2: Strikes out swinging
|
Batting: RHB Joe Klein
|
0-0: Called Strike 0-1: Foul Ball, location: 2F 0-2: Ball 1-2: Strikes out looking
|
Batting: RHB Isaiah Seme
|
0-0: Called Strike 0-1: Swinging Strike 0-2: Ball 1-2: Ball 2-2: Ball 3-2: Strikes out swinging
|
Top of the 4th over - 0 runs, 0 hits, 0 errors, 0 left on base; Auburn 2 - Hillsboro 6 |
BOTTOM OF THE 4TH |
Hillsboro Hops batting - Pitching for Auburn Doubledays : RHP Chris Doty
|
Batting: RHB Yasuo Nakata
|
0-0: Called Strike 0-1: Ball 1-1: Foul Ball, location: 2F 1-2: Strikes out swinging
|
Batting: RHB Edgar Garcia
|
0-0: Ball 1-0: Ground out 5-3 (Groundball, 56S, EV 67.5 MPH)
|
Batting: LHB Soo-yeon Kym
|
0-0: Ball 1-0: Swinging Strike 1-1: Ball 2-1: Foul Ball, location: 2F 2-2: Strikes out swinging
|
Bottom of the 4th over - 0 runs, 0 hits, 0 errors, 0 left on base; Auburn 2 - Hillsboro 6 |
TOP OF THE 5TH |
Auburn Doubledays batting - Pitching for Hillsboro Hops : RHP Ted Koene
|
Batting: RHB David Rojas
|
0-0: Fly out, F9 (Flyball, 89M, EV 95.0 MPH)
|
Batting: SHB Dan Castaneda
|
0-0: Ball 1-0: Called Strike 1-1: Ground out U3 (Groundball, 34S, EV 80.6 MPH)
|
Batting: LHB Mike Condon
|
0-0: Hit by Pitch
|
Batting: RHB Slavik Nebrodov
|
0-0: Ball Mike Condon steals 2nd base 1-0: SINGLE (Groundball, 6MD, EV 104.4 MPH) Mike Condon to third
|
Batting: SHB Gabe Fraunfelder
|
0-0: Ground out 4-3 (Groundball, 34, EV 82.5 MPH)
|
Top of the 5th over - 0 runs, 1 hit, 0 errors, 2 left on base; Auburn 2 - Hillsboro 6 |
BOTTOM OF THE 5TH |
Hillsboro Hops batting - Pitching for Auburn Doubledays : RHP Chris Doty
|
Batting: RHB Larry Hardman
|
0-0: Ball 1-0: Foul Ball, location: 2F 1-1: Foul Ball, location: 2F 1-2: Ball 2-2: Ball 3-2: Strikes out swinging, 2-3 out at first.
|
Batting: RHB Jeremy Coffey
|
0-0: Ball 1-0: Ball 2-0: Called Strike 2-1: Swinging Strike 2-2: Strikes out looking
|
Pitching: LHP Ruben de Leon
|
|
Batting: RHB Chris Bittner
|
0-0: Swinging Strike 0-1: Called Strike 0-2: Ground out 5-3 (Groundball, 5, EV 88.8 MPH)
|
Bottom of the 5th over - 0 runs, 0 hits, 0 errors, 0 left on base; Auburn 2 - Hillsboro 6 |
TOP OF THE 6TH |
Auburn Doubledays batting - Pitching for Hillsboro Hops : RHP Ted Koene
|
Batting: LHB Nate Melendez
|
0-0: DOUBLE (Groundball, 3L, EV 106.9 MPH)
|
Batting: LHB Elias Posada
|
0-0: Foul Ball, location: 2F 0-1: Foul Ball, location: 2F 0-2: Ball 1-2: Strikes out looking
|
Batting: RHB Joe Klein
|
0-0: Ball 1-0: SINGLE (Groundball, 56D, EV 103.1 MPH) Nate Melendez to third Runner from 3rd tries for Home, SAFE, throw by LF to home
|
Batting: RHB Isaiah Seme
|
0-0: Called Strike 0-1: Ball 1-1: Ball 2-1: Swinging Strike 2-2: Strikes out swinging
|
Batting: RHB David Rojas
|
0-0: Ball 1-0: Ball 2-0: Foul Ball, location: 2F 2-1: Swinging Strike 2-2: Foul Ball, location: 2F 2-2: Reached on error, E5 (Groundball, 56S, EV 78.8 MPH) Joe Klein to third
|
Batting: SHB Dan Castaneda
|
0-0: Foul Ball, location: 2F 0-1: Ball 1-1: Ball 2-1: SINGLE (Groundball, 4MD, EV 105.0 MPH) Joe Klein scores David Rojas to third Runner from 3rd tries for Home, SAFE, throw by CF to home
|
Pitching: RHP Takuji Mizoguchi
|
|
Batting: LHB Mike Condon
|
0-0: Called Strike 0-1: Called Strike 0-2: Ball Dan Castaneda is caught stealing 2nd base 2-6
|
Top of the 6th over - 3 runs, 3 hits, 1 error, 0 left on base; Auburn 5 - Hillsboro 6 |
BOTTOM OF THE 6TH |
Hillsboro Hops batting - Pitching for Auburn Doubledays : LHP Ruben de Leon
|
Batting: LHB Andy Wilmoth
|
0-0: Ball 1-0: Foul Ball, location: 2F 1-1: Ball 2-1: Ball 3-1: Ground out U3 (Groundball, 3L, EV 84.4 MPH)
|
Batting: RHB Jeremy Adams
|
0-0: Fly out, F8 (Flyball, 89D, EV 95.6 MPH)
|
Batting: RHB Trevor Corey
|
0-0: Called Strike 0-1: Swinging Strike 0-2: Strikes out swinging
|
Bottom of the 6th over - 0 runs, 0 hits, 0 errors, 0 left on base; Auburn 5 - Hillsboro 6 |
TOP OF THE 7TH |
Auburn Doubledays batting - Pitching for Hillsboro Hops : RHP Takuji Mizoguchi
|
Now in LF: Mike Kiefer
|
|
Now in RF: Jeremy Coffey
|
|
Batting: LHB Mike Condon
|
0-0: Called Strike 0-1: Called Strike 0-2: Strikes out swinging
|
Batting: RHB Slavik Nebrodov
|
0-0: Foul Ball, location: 2F 0-1: Ball 1-1: Foul Ball, location: 2F 1-2: Ball 2-2: Fly out, F8 (Line Drive, 8LD, EV 88.8 MPH)
|
Batting: SHB Gabe Fraunfelder
|
0-0: Foul Ball, location: 2F 0-1: Fly out, F6 (Popup, 6M, EV 46.2 MPH)
|
Top of the 7th over - 0 runs, 0 hits, 0 errors, 0 left on base; Auburn 5 - Hillsboro 6 |
BOTTOM OF THE 7TH |
Hillsboro Hops batting - Pitching for Auburn Doubledays : LHP Ruben de Leon
|
Batting: RHB Yasuo Nakata
|
0-0: Called Strike 0-1: Ball 1-1: Foul Ball, location: 2F 1-2: Foul Ball, location: 2F 1-2: Ground out 6-3 (Groundball, 6, EV 101.9 MPH)
|
Batting: RHB Edgar Garcia
|
0-0: Ball 1-0: Foul Ball, location: 2F 1-1: Ground out 5-3 (Groundball, 15, EV 81.9 MPH)
|
Batting: LHB Soo-yeon Kym
|
0-0: Ball 1-0: Ball 2-0: Ball 3-0: Called Strike 3-1: Base on Balls
|
Batting: RHB Larry Hardman
|
0-0: Ball 1-0: Called Strike 1-1: Ball 2-1: Ground out U3 (Groundball, 3, EV 88.8 MPH)
|
Bottom of the 7th over - 0 runs, 0 hits, 0 errors, 1 left on base; Auburn 5 - Hillsboro 6 |
TOP OF THE 8TH |
Auburn Doubledays batting - Pitching for Hillsboro Hops : RHP Takuji Mizoguchi
|
Batting: LHB Nate Melendez
|
0-0: Called Strike 0-1: Called Strike 0-2: Ball 1-2: Ball 2-2: Strikes out swinging
|
Batting: LHB Elias Posada
|
0-0: Called Strike 0-1: Ball 1-1: Foul Ball, location: 2F 1-2: Ball 2-2: Ground out U3 (Groundball, 3, EV 88.8 MPH)
|
Batting: RHB Joe Klein
|
0-0: Ball 1-0: Called Strike 1-1: Ball 2-1: Ball 3-1: Foul Ball, location: 2F 3-2: Base on Balls
|
Batting: RHB Isaiah Seme
|
0-0: Ball 1-0: Ground out 4-3 (Groundball, 4, EV 106.9 MPH)
|
Top of the 8th over - 0 runs, 0 hits, 0 errors, 1 left on base; Auburn 5 - Hillsboro 6 |
BOTTOM OF THE 8TH |
Hillsboro Hops batting - Pitching for Auburn Doubledays : LHP Ruben de Leon
|
Pitching: RHP Luis Galvez
|
|
Batting: RHB Jeremy Coffey
|
0-0: Ball 1-0: Foul Ball, location: 2F 1-1: Called Strike 1-2: Ball 2-2: Strikes out looking
|
Batting: SHB Mike Kiefer
|
0-0: Ball 1-0: Ball 2-0: Called Strike 2-1: Ball 3-1: Swinging Strike 3-2: Strikes out swinging
|
Batting: LHB Andy Wilmoth
|
0-0: Swinging Strike 0-1: Ball 1-1: Ball 2-1: Ball 3-1: Ground out U3 (Groundball, 34S, EV 91.2 MPH)
|
Bottom of the 8th over - 0 runs, 0 hits, 0 errors, 0 left on base; Auburn 5 - Hillsboro 6 |
TOP OF THE 9TH |
Auburn Doubledays batting - Pitching for Hillsboro Hops : RHP Takuji Mizoguchi
|
Pitching: LHP Jon Davis
|
|
Pinch Hitting: RHB Kevin Whitenack
|
0-0: Fly out, F8 (Flyball, 8LD, EV 109.4 MPH)
|
Batting: SHB Dan Castaneda
|
0-0: Ball 1-0: Foul Ball, location: 2F 1-1: Ball 2-1: Ball 3-1: Called Strike 3-2: Fly out, F8 (Line Drive, 8LM, EV 104.4 MPH)
|
Batting: LHB Mike Condon
|
0-0: Ball 1-0: Ball 2-0: Called Strike 2-1: Foul Ball, location: 2F 2-2: Ground out U3 (Groundball, 34, EV 78.8 MPH)
|
Top of the 9th over - 0 runs, 0 hits, 0 errors, 0 left on base; Auburn 5 - Hillsboro 6 |
|